AoeStats
← Ken

Arena

507087181Analyzed
4v4 RM · 16d ago on Sep 16, 2026· 40m 12s· 8 players
Game mode
Random Map
Map size
Large (8 player)
Population
200
Speed
Normal
Resources
Standard
Victory
Conquest
Starting age
Dark Age
Ending age
Imperial Age
RankedLock teamsTeams togetherTeam positionsShared explorationLock speedFull tech treeHidden civsTurbo modeCheats
Victory
Defeat
🇧🇩 Mapuche · Bangladesh
1024
+15
🇨🇳 Franks · China
1019
+15
991
+17
🇹🇷 Gurjaras · Türkiye
985
+17
🇦🇷 Italians · Argentina
1064
-18
🇩🇪 Teutons · Germany
1021
-17
🇨🇿 Dravidians · Czechia
986
-15
🇦🇷 Goths · Argentina
955
-14
游侠不语只会屠民
11:55 Feudal Age
15:07 Castle Age
14:00 Double-Bit Axe
13:58 Horse Collar
17:09 Bow Saw
17:13 Heavy Plow
23:23 Wheelbarrow
25:40 Fletching
28:34 Imperial Age
27:49 Gold Mining
29:15 Gold Shaft Mining
30:10 Stone Mining
29:50 Heavy Scorpion
30:24 Capped Ram
32:01 Hand Cart
31:32 Loom
35:10 Siege Engineers
35:40 Double Crossbow
38:28 Light Cavalry
39:19 Bloodlines
39:09 Husbandry
39:24 Scale Barding Armor
39:30 Forging
39:16 Bodkin Arrow
Ken
11:44 Feudal Age
16:12 Castle Age
15:22 Double-Bit Axe
18:50 Loom
21:57 Wheelbarrow
23:23 Bow Saw
24:05 Hand Cart
27:47 Gold Mining
31:10 Imperial Age
29:21 Husbandry
29:30 Scale Barding Armor
29:35 Forging
31:07 Gold Shaft Mining
30:23 Stone Mining
31:49 Chain Barding Armor
32:05 Iron Casting
31:22 Cavalier
32:25 Conscription
32:38 Chivalry
33:45 Plate Barding Armor
32:58 Paladin
36:28 #83
36:10 Scale Mail Armor
37:11 Blast Furnace
36:01 Fletching
36:12 Padded Archer Armor
37:46 Chain Mail Armor
36:55 Elite Throwing Axeman
40:45 Chemistry
39:41 Murder Holes
40:06 Ballistics
40:23 Leather Archer Armor
40:03 Bodkin Arrow
40:21 Masonry
sonsehzadee
9:38 Feudal Age
11:03 Loom
17:04 Castle Age
15:06 Double-Bit Axe
15:56 Gold Mining
16:02 Stone Mining
22:14 Horse Collar
23:40 Wheelbarrow
23:47 Heavy Plow
25:42 Hand Cart
29:25 Bow Saw
32:00 Imperial Age
30:31 Stone Shaft Mining
30:32 Gold Shaft Mining
30:22 Kshatriyas
31:47 Padded Archer Armor
31:37 Fletching
33:22 Conscription
32:37 Sappers
33:43 Hoardings
33:44 Crop Rotation
33:19 Husbandry
33:29 Bloodlines
34:50 Chemistry
33:44 Elite Shrivamsha Rider
36:23 Scale Barding Armor
36:31 Forging
39:41 Chain Barding Armor
39:58 Iron Casting
pyjalal
10:41 Feudal Age
15:22 Castle Age
33:38 Imperial Age
33:20 Wheelbarrow
34:33 Masonry
36:54 Double-Bit Axe
36:50 Horse Collar
38:59 Fletching
40:11 Malon
simon-raaf
10:18 Feudal Age
9:17 Loom
15:33 Double-Bit Axe
19:10 Castle Age
17:08 Horse Collar
17:49 Stone Mining
17:51 Gold Mining
20:45 Forging
26:56 Imperial Age
24:26 Town Watch
26:47 Man-at-Arms
28:26 Bow Saw
28:46 Scale Mail Armor
30:41 Wheelbarrow
34:40 Scale Barding Armor
36:36 Cavalier
37:26 Bloodlines
37:39 Chain Barding Armor
37:54 Iron Casting
38:34 Hand Cart
píno
2:00 Loom
10:31 Feudal Age
11:14 Double-Bit Axe
15:01 Horse Collar
19:43 Castle Age
18:22 Padded Archer Armor
18:33 Fletching
21:05 Leather Archer Armor
24:00 Bow Saw
27:00 Ballistics
26:58 Heavy Plow
28:04 Wheelbarrow
28:21 Forging
28:33 Bodkin Arrow
33:23 Imperial Age
31:15 Gold Mining
31:36 Scale Barding Armor
31:55 Fortified Wall
32:30 Town Watch
33:35 Hand Cart
36:36 Chemistry
35:39 Scale Mail Armor
37:48 Ring Archer Armor
37:19 Bracer
Pablo
12:09 Feudal Age
17:14 Castle Age
21:07 Gold Mining
26:16 Imperial Age
23:35 Double-Bit Axe
25:01 Bow Saw
28:00 Chemistry
28:49 Padded Archer Armor
28:42 Fletching
29:50 Leather Archer Armor
31:11 Ballistics
30:52 Bodkin Arrow
31:28 Ring Archer Armor
33:45 Two-Man Saw
35:11 Conscription
35:11 Bracer
37:29 Stone Mining
Pem
11:30 Feudal Age
17:55 Castle Age
16:26 Horse Collar
16:32 Double-Bit Axe
16:39 Stone Mining
17:21 Gold Mining
21:36 Bow Saw
33:28 Imperial Age
32:11 Wheelbarrow
31:45 Scale Mail Armor
32:50 Anarchy
34:20 Hand Cart
34:08 Heavy Plow
34:54 Squires
35:07 Pikeman
36:18 Perfusion
36:38 Conscription
36:36 Chain Mail Armor
36:31 Forging
36:30 Halberdier
38:50 Forging
40:09 Iron Casting
Connection lost

Rejoining the realm…

Still unreachable

The connection could not be restored.

Session expired

The server has moved on; the page needs a fresh start.